[Event "Titled Tuesday Blitz August 1 Late 2023"]
[White "Vovk, Orest"]
[Black "Elsa167"]
[WhiteFideId "14113490"]
[WhiteElo "2517"]
[BlackElo "2767"]
[Result "0-1"]
[Round "2"]
[TimeControl "180+1"]
[Date "2023.08.01"]
[WhiteClock "0:00:02"]
[BlackClock "0:00:13"]
[Board "42"]

1. g4 g6 2. Bg2 Bg7 3. g5 h6 4. h4 hxg5 5. hxg5 Rxh1 6. Bxh1 c5 7. c4 Nc6 8. Nc3 d6 9. d3 Qd7 10. Qa4 Nd4 11. Qxd7+ Bxd7 12. Kd1 Bc6 13. Bxc6+ Nxc6 14. Nf3 e6 15. Bd2 Nge7 16. e4 Kd7 17. Ke2 Rh8 18. Rb1 b6 19. a3 Ne5 20. Nxe5+ Bxe5 21. b4 Nc6 22. Nd1 Rh1 23. Be3 Nd4+ 24. Bxd4 cxd4 25. Nc3 Rh5 26. Na4 Rxg5 27. c5 b5 28. Nb2 dxc5 29. a4 a6 30. bxc5 Kc6 31. axb5+ axb5 32. Ra1 Kxc5 33. Ra7 f6 34. Re7 Rg1 35. Rxe6 Rb1 36. Nd1 b4 37. f4 Bxf4 38. Rxf6 g5 39. Rf5+ Kb6 40. Rd5 Rc1 41. Rxd4 Kb5 42. Rd5+ Ka4 43. Ne3 Bxe3 44. Kxe3 b3 45. Rd8 b2 46. Ra8+ Kb3 47. Rb8+ Kc2 48. e5 b1=Q 49. Rxb1 Rxb1 50. Ke4 Re1+ 51. Kf5 Kxd3 0-1


[Site "https://www.chess.com"]

[Event "Titled Tuesday Blitz August 1 Late 2023"]
[White "Pakleza, Zbigniew"]
[Black "Kanakaris, Georgios"]
[WhiteFideId "1119290"]
[BlackFideId "4209460"]
[WhiteElo "2761"]
[BlackElo "2517"]
[Result "1-0"]
[Round "2"]
[TimeControl "180+1"]
[Date "2023.08.01"]
[WhiteClock "0:00:06"]
[BlackClock "0:00:01"]
[Board "43"]

1. d4 Nf6 2. Nf3 g6 3. Bf4 Bg7 4. e3 O-O 5. Be2 d6 6. h3 b6 7. O-O Bb7 8. c3 c5 9. Nbd2 Nbd7 10. a4 a6 11. Bh2 Qc7 12. Bd3 e5 13. dxe5 dxe5 14. e4 Nh5 15. Re1 Nf4 16. Bf1 Rfd8 17. Qb3 Rab8 18. Bg3 h6 19. Nc4 b5 20. axb5 axb5 21. Na3 b4 22. Nc4 Bc6 23. Na5 Ba8 24. Nc4 Nf8 25. Ra6 N8e6 26. Qc2 bxc3 27. bxc3 Qb7 28. Ra2 Qc7 29. Rea1 Bc6 30. Ne3 Qb7 31. Nd2 Ra8 32. Bc4 Rxa2 33. Qxa2 Qd7 34. Bxf4 Qxd2 35. Nd5 Qxa2 36. Bxa2 exf4 37. Ne7+ Kh7 38. Nxc6 Bxc3 39. Bxe6 Bxa1 40. Nxd8 fxe6 41. Nxe6 c4 42. Nxf4 Be5 43. Ne2 c3 44. f4 Bd6 45. Kf2 c2 46. Ke3 Ba3 47. Kd2 c1=Q+ 48. Nxc1 g5 49. f5 h5 50. Nd3 Kh6 51. g4 Kg7 52. e5 hxg4 53. hxg4 Bc5 54. Nxc5 1-0


[Site "https://www.chess.com"]

[Event "Titled Tuesday Blitz August 1 Late 2023"]
[White "NigelDwarf"]
[Black "Rozen, Eytan"]
[BlackFideId "2816750"]
[WhiteElo "2516"]
[BlackElo "2754"]
[Result "0-1"]
[Round "2"]
[TimeControl "180+1"]
[Date "2023.08.01"]
[WhiteClock "0:00:07"]
[BlackClock "0:00:09"]
[Board "44"]

1. Nf3 g6 2. d4 Bg7 3. c4 Nf6 4. Nc3 O-O 5. e4 d6 6. h3 Nbd7 7. Be3 e5 8. d5 Nh5 9. g3 Nc5 10. b4 Nxe4 11. Nxe4 f5 12. Neg5 f4 13. gxf4 e4 14. Nd4 Nxf4 15. Bxf4 Rxf4 16. Nge6 Bxe6 17. Nxe6 Qf6 18. Nxf4 Qc3+ 19. Ke2 Qf3+ 20. Kd2 Qxf4+ 21. Kc2 Qxf2+ 22. Qe2 Qd4 23. Rb1 Rf8 24. Rh2 Rf3 25. Qd2 Rc3+ 26. Kd1 Qg1 27. Qf2 Qg5 28. Qd2 Qe5 29. Rf2 e3 30. Re2 Qf5 31. Qe1 Qxb1# 0-1


[Site "https://www.chess.com"]

[Event "Titled Tuesday Blitz August 1 Late 2023"]
[White "Weetik, Vjacheslav"]
[Black "FromTexas54"]
[WhiteFideId "4153472"]
[WhiteElo "2753"]
[BlackElo "2512"]
[Result "1-0"]
[Round "2"]
[TimeControl "180+1"]
[Date "2023.08.01"]
[WhiteClock "0:00:57"]
[BlackClock "0:01:11"]
[Board "45"]

1. d4 Nf6 2. c4 g6 3. Nc3 Bg7 4. e4 d6 5. Nf3 O-O 6. Be2 Na6 7. O-O e5 8. Bg5 h6 9. Be3 c6 10. d5 c5 11. Ne1 Ne8 12. Nd3 f5 13. exf5 gxf5 14. f4 e4 15. Nf2 Nf6 16. Kh1 Kh8 17. Rg1 Rg8 18. g4 fxg4 19. Nxg4 Qe7 20. a3 Nxg4 21. Bxg4 Nc7 22. Qc2 Qh4 23. Bxc8 Raxc8 24. Nxe4 Rce8 25. Nxd6 Qh5 26. Nxe8 Qf3+ 27. Qg2 Qxe3 28. Nxg7 Ne8 29. Rae1 1-0


[Site "https://www.chess.com"]

[Event "Titled Tuesday Blitz August 1 Late 2023"]
[White "Rottenwohrer Suarez, Juan"]
[Black "Golubka, Petro"]
[WhiteFideId "32068182"]
[BlackFideId "14114224"]
[WhiteElo "2511"]
[BlackElo "2752"]
[Result "1/2-1/2"]
[Round "2"]
[TimeControl "180+1"]
[Date "2023.08.01"]
[WhiteClock "0:00:04"]
[BlackClock "0:00:30"]
[Board "46"]

1. Nf3 Nf6 2. e3 e6 3. c4 b6 4. b3 Bb7 5. Bb2 Be7 6. Be2 O-O 7. O-O d5 8. cxd5 exd5 9. Nc3 Na6 10. Rc1 c5 11. d4 Ne4 12. dxc5 Naxc5 13. Nb5 a6 14. Nbd4 Bf6 15. Qc2 Rc8 16. Qb1 Re8 17. Nf5 Qd7 18. Bxf6 Qxf5 19. Ba1 Qg6 20. Rfd1 Qh6 21. Bd4 a5 22. Qb2 Ba6 23. Bxa6 Nxa6 24. Rxc8 Rxc8 25. Rc1 Nac5 26. b4 axb4 27. Qxb4 Ra8 28. Rc2 Qe6 29. h3 h6 30. Qb5 Ra5 31. Qb2 Qg6 32. Ne5 Qe6 33. Ng4 f6 34. Qb4 Ra4 35. Qb5 Ra5 36. Qb4 h5 37. Nh2 Ra4 38. Qb5 Ra5 39. Qb4 Ra4 40. Qb5 Rc4 41. Qb1 Qc6 42. Bxc5 Nc3 43. Qxb6 Qxc5 44. Qxc5 Rxc5 45. Nf3 Rc4 46. Nd4 Kf7 47. g4 hxg4 48. hxg4 g6 49. Kg2 Ke7 50. Rb2 Ra4 51. Rb7+ Ke8 52. Rb6 Ke7 53. g5 fxg5 54. Rxg6 Ne4 55. Rg7+ Kf6 56. Rc7 Rxa2 57. Rc2 Ra6 58. Rc6+ Rxc6 59. Nxc6 Ke6 60. Nd4+ Ke5 61. Kf3 Nf6 62. Nc6+ Kd6 63. Nd4 Ne4 64. Kg4 Nxf2+ 65. Kxg5 Nd1 66. Kf4 Kc5 67. Ne6+ Kc4 68. Nc7 Nc3 69. Nxd5 Nxd5+ 70. Kf3 Nxe3 1/2-1/2


[Site "https://www.chess.com"]

[Event "Titled Tuesday Blitz August 1 Late 2023"]
[White "Volovich, Vasily"]
[Black "Mattheii"]
[WhiteFideId "34169676"]
[WhiteElo "2744"]
[BlackElo "2510"]
[Result "1-0"]
[Round "2"]
[TimeControl "180+1"]
[Date "2023.08.01"]
[WhiteClock "0:00:07"]
[BlackClock "0:00:00"]
[Board "47"]

1. e4 c5 2. Nf3 Nc6 3. Bb5 g6 4. Bxc6 dxc6 5. O-O Bg7 6. d3 e5 7. Nc3 Qe7 8. h3 Nf6 9. Be3 Nd7 10. Qd2 Nf8 11. Ne2 Ne6 12. Ng5 Nd4 13. Bxd4 cxd4 14. f4 h6 15. Nf3 exf4 16. Qxf4 g5 17. Qg3 Qc5 18. Rac1 O-O 19. Qf2 f5 20. exf5 Bxf5 21. Nexd4 Bd7 22. c3 Qd5 23. a3 c5 24. Ne2 Qxd3 25. Rcd1 Qf5 26. Ng3 Qf7 27. Qxc5 Bc6 28. Ne5 Qe6 29. Nxc6 bxc6 30. Nf5 Rae8 31. Rd6 Qe5 32. Qxe5 Bxe5 33. Rg6+ Kh7 34. Rxh6+ Kg8 35. Rxc6 Bf4 36. g4 Re2 37. Rg6+ Kh7 38. Rg7+ Kh8 39. Rb7 Rd8 40. Re7 1-0


[Site "https://www.chess.com"]

[Event "Titled Tuesday Blitz August 1 Late 2023"]
[White "Tsaruk, Maksim"]
[Black "Mindhunter08"]
[WhiteFideId "13511173"]
[WhiteElo "2742"]
[BlackElo "2510"]
[Result "1-0"]
[Round "2"]
[TimeControl "180+1"]
[Date "2023.08.01"]
[WhiteClock "0:00:06"]
[BlackClock "0:00:00"]
[Board "48"]

1. e4 e5 2. Nf3 Nc6 3. Bb5 a6 4. Ba4 Nf6 5. d3 d6 6. O-O Be7 7. c3 O-O 8. Re1 b5 9. Bc2 Bg4 10. Nbd2 d5 11. exd5 Qxd5 12. h3 Bh5 13. Ne4 Nxe4 14. dxe4 Qxd1 15. Rxd1 Rad8 16. Be3 f6 17. a4 b4 18. a5 Bf7 19. Bd3 Ra8 20. Bf1 Rfd8 21. Rdc1 b3 22. Nd2 Bc5 23. Bxc5 Rxd2 24. Rcb1 g5 25. Be3 Rdd8 26. h4 h6 27. f3 Kg7 28. Kf2 Be6 29. Be2 Kf7 30. Rc1 Rg8 31. Rh1 g4 32. Bxh6 gxf3 33. gxf3 Ne7 34. Be3 Ng6 35. h5 Nf4 36. Bxf4 exf4 37. Rh4 Rg5 38. h6 Rh8 39. Bxa6 Kg6 40. Bb7 Bc8 41. a6 1-0


[Site "https://www.chess.com"]

[Event "Titled Tuesday Blitz August 1 Late 2023"]
[White "Bakalchuk, Johnatan"]
[Black "Papayan, Oleg"]
[WhiteFideId "2810301"]
[BlackFideId "4193911"]
[WhiteElo "2739"]
[BlackElo "2508"]
[Result "1-0"]
[Round "2"]
[TimeControl "180+1"]
[Date "2023.08.01"]
[WhiteClock "0:00:09"]
[BlackClock "0:00:00"]
[Board "49"]

1. e4 d5 2. exd5 Qxd5 3. Nc3 Qd8 4. d4 c6 5. Nf3 Bf5 6. Bc4 e6 7. Qe2 Nf6 8. Bd2 Be7 9. O-O-O Nbd7 10. Kb1 Nb6 11. Bb3 a5 12. a3 a4 13. Ba2 Nbd5 14. Ne5 Nxc3+ 15. Bxc3 Nd5 16. Bd2 Qb6 17. g4 Bg6 18. Nc4 Qxd4 19. Be3 Qf6 20. Bd4 Qh4 21. Bxg7 Rg8 22. Be5 h5 23. Rxd5 cxd5 24. Nb6 Rd8 25. Qb5+ Kf8 26. Nd7+ Rxd7 27. Qxd7 hxg4 28. Qxa4 Be4 29. Rc1 f6 30. Bg3 Qh7 31. Qd7 Kf7 32. Qxb7 f5 33. Be5 Re8 34. a4 Qg8 35. a5 Kg6 36. a6 Bf6 37. Bxf6 Kxf6 38. a7 d4 39. Qb6 Rd8 40. Rd1 Kg5 41. Rxd4 Rc8 42. Bxe6 Bxc2+ 43. Ka2 1-0


[Site "https://www.chess.com"]

[Event "Titled Tuesday Blitz August 1 Late 2023"]
[White "Kanyamarala, Tarun"]
[Black "Yanchenko, Roman"]
[WhiteFideId "45004714"]
[BlackFideId "4137329"]
[WhiteElo "2506"]
[BlackElo "2727"]
[Result "0-1"]
[Round "2"]
[TimeControl "180+1"]
[Date "2023.08.01"]
[WhiteClock "0:01:42"]
[BlackClock "0:00:55"]
[Board "50"]

1. d4 d5 2. Nf3 Nf6 3. Bf4 Bf5 4. c3 e6 5. Qb3 Qc8 6. Nbd2 c5 7. e3 Nc6 8. Be2 Be7 9. h3 O-O 10. O-O h6 11. Rfc1 c4 12. Qd1 b5 13. b3 Ba3 14. bxc4 Bxc1 15. Rxc1 bxc4 16. g4 Bh7 17. g5 hxg5 18. Nxg5 Bg6 19. Ndf3 Ne4 20. Nh4 Nxg5 21. Bxg5 Be4 22. f3 Bh7 23. e4 f6 24. Be3 Qc7 25. Kf2 Rab8 26. Qd2 dxe4 27. Bxc4 Qh2+ 28. Ng2 exf3 29. Bxe6+ Kh8 30. Kxf3 Qd6 31. d5 Ne5+ 32. Kf2 Rb2 33. Qxb2 Nd3+ 34. Kg1 Nxb2 35. c4 Nd3 36. c5 Qg3 37. Rc4 Ne1 38. Rg4 Nf3+ 39. Kf1 Bd3# 0-1


[Site "https://www.chess.com"]

[Event "Titled Tuesday Blitz August 1 Late 2023"]
[White "Krishna C R G"]
[Black "Droin, Augustin"]
[WhiteFideId "5018625"]
[BlackFideId "45105987"]
[WhiteElo "2724"]
[BlackElo "2506"]
[Result "0-1"]
[Round "2"]
[TimeControl "180+1"]
[Date "2023.08.01"]
[WhiteClock "0:00:08"]
[BlackClock "0:00:37"]
[Board "51"]

1. d4 Nf6 2. Nf3 e6 3. e3 d5 4. Bd3 c5 5. O-O Nc6 6. b3 Bd6 7. Bb2 O-O 8. c4 b6 9. cxd5 exd5 10. Nc3 Bb7 11. Rc1 Rc8 12. Bb1 Bb8 13. Re1 Re8 14. dxc5 bxc5 15. Na4 c4 16. bxc4 dxc4 17. Qxd8 Rexd8 18. Rxc4 Na5 19. Rxc8 Rxc8 20. Rc1 Nc4 21. Bd4 Bd5 22. Nd2 Ng4 23. g3 Nge5 24. Bxe5 Bxe5 25. Be4 Be6 26. Nxc4 Rxc4 27. Rxc4 Bxc4 28. Bb1 Kf8 29. Nc5 Ke7 30. Nb3 Bc3 31. Kg2 g6 32. Kf3 Kd6 33. Nd4 Kc5 34. Ne2 Be5 35. e4 Kb4 36. Ke3 Ka3 37. f4 Bb2 38. Nd4 Bxd4+ 39. Kxd4 Bxa2 40. Bxa2 Kxa2 41. g4 a5 42. f5 Kb3 43. e5 a4 44. e6 fxe6 45. fxe6 a3 46. e7 a2 47. e8=Q a1=Q+ 48. Kd5 Qd1+ 49. Kc5 Qg1+ 50. Kd5 Qg2+ 51. Qe4 Qxh2 52. Qd3+ Kb2 53. Qd4+ Kc2 54. Qc4+ Kd1 55. Qd3+ Qd2 56. Ke4 Qxd3+ 57. Kxd3 Ke1 58. Ke3 g5 59. Ke4 Kf2 60. Kf5 h6 61. Kg6 Kg3 62. Kh5 Kh3 0-1


[Site "https://www.chess.com"]

[Event "Titled Tuesday Blitz August 1 Late 2023"]
[White "Dushyant Sharma"]
[Black "Jaracz, Pawel"]
[WhiteFideId "25065130"]
[BlackFideId "1102222"]
[WhiteElo "2503"]
[BlackElo "2719"]
[Result "1-0"]
[Round "2"]
[TimeControl "180+1"]
[Date "2023.08.01"]
[WhiteClock "0:00:11"]
[BlackClock "0:00:00"]
[Board "52"]

1. e4 e5 2. Nf3 Nc6 3. Nc3 Nf6 4. Bb5 Nd4 5. Nxd4 exd4 6. e5 dxc3 7. exf6 cxd2+ 8. Bxd2 Qxf6 9. O-O Bc5 10. Qe2+ Qe7 11. Qh5 O-O 12. Rfe1 Qd6 13. Rad1 Qb6 14. Be3 Qxb5 15. Qxc5 Qxc5 16. Bxc5 d6 17. Bd4 Be6 18. a3 b6 19. f4 Rfe8 20. g3 f6 21. Kf2 Kf7 22. b3 a5 23. a4 Re7 24. Re3 Rae8 25. Rde1 Bf5 26. R1e2 Rxe3 27. Bxe3 c5 28. Rd2 Rd8 29. c3 Be6 30. b4 Ke7 31. Rb2 axb4 32. cxb4 Ra8 33. a5 bxa5 34. bxc5 dxc5 35. Bxc5+ Kf7 36. Rb7+ Kg6 37. Ba3 a4 38. Re7 Bf5 39. Kf3 h5 40. Rc7 Rb8 41. Kf2 Bg4 42. Kg2 Be6 43. h3 Bd5+ 44. Kf2 Rb3 45. Bf8 Rf3+ 46. Ke2 Kf5 47. Rxg7 a3 48. Ra7 1-0


[Site "https://www.chess.com"]

[Event "Titled Tuesday Blitz August 1 Late 2023"]
[White "Vetoshko, Volodymyr"]
[Black "Jovic, Stanoje"]
[WhiteFideId "14122480"]
[BlackFideId "905020"]
[WhiteElo "2713"]
[BlackElo "2502"]
[Result "1-0"]
[Round "2"]
[TimeControl "180+1"]
[Date "2023.08.01"]
[WhiteClock "0:01:43"]
[BlackClock "0:00:00"]
[Board "53"]

1. b3 Nf6 2. Bb2 e6 3. Nf3 b6 4. g3 Bb7 5. Bg2 c5 6. c4 d5 7. cxd5 exd5 8. O-O Be7 9. d4 O-O 10. Nc3 Re8 11. Rc1 Nc6 12. dxc5 bxc5 13. Na4 Qa5 14. Bxf6 gxf6 15. Qxd5 Rad8 16. Qh5 c4 17. Qg4+ Kh8 18. Qxc4 Nb4 19. Qxf7 Nxa2 20. Rc4 Bd5 21. Qh5 Qb5 22. Rh4 Kg8 23. Nd4 1-0


[Site "https://www.chess.com"]

[Event "Titled Tuesday Blitz August 1 Late 2023"]
[White "Kozionov, Kirill"]
[Black "Mordechai, Hanan"]
[WhiteFideId "24101729"]
[BlackFideId "2804166"]
[WhiteElo "2710"]
[BlackElo "2501"]
[Result "0-1"]
[Round "2"]
[TimeControl "180+1"]
[Date "2023.08.01"]
[WhiteClock "0:00:00"]
[BlackClock "0:00:08"]
[Board "54"]

1. e4 c5 2. d4 cxd4 3. Qxd4 Nc6 4. Qd3 d6 5. Nc3 Nf6 6. Nf3 g6 7. Be2 Bg7 8. O-O O-O 9. Bg5 Be6 10. Rad1 Qa5 11. a3 Ne5 12. Nxe5 Qxe5 13. Be3 Ng4 14. Bxg4 Bxg4 15. f3 Be6 16. Bd4 Qxd4+ 17. Qxd4 Bxd4+ 18. Rxd4 Rac8 19. Rfd1 Rc5 20. R1d2 Rfc8 21. Kf2 Kg7 22. Ke1 h5 23. h4 Kf6 24. Kf2 a6 25. Ke3 b5 26. Kf2 Ke5 27. Ke3 Kf6 28. Kf2 Bc4 29. Nd1 a5 30. Ne3 Be6 31. c3 Rb8 32. Kg3 Rc7 33. Kf2 Rcb7 34. Nd5+ Bxd5 35. Rxd5 Rc7 36. Ke3 b4 37. cxb4 axb4 38. a4 b3 39. a5 Rc1 40. Kf2 Ra1 41. Re2 Ra2 42. e5+ dxe5 43. Rdxe5 e6 44. Rc5 Ke7 45. Ke3 Kd6 46. Rc3 Rxa5 47. Rd2+ Rd5 48. Rd4 Rb5 49. Ra4 Re5+ 50. Kf2 Red5 51. Ke3 Rd1 52. Ra3 Re5+ 53. Kf2 Rd2+ 54. Kg3 Ree2 55. Rcxb3 Rxg2+ 56. Kf4 e5+ 57. Ke4 Rge2+ 58. Re3 Rxe3+ 59. Kxe3 Rxb2 60. Ra6+ Ke7 61. Ke4 Rb5 62. Ra7+ Kf6 63. Ra6+ Kg7 64. Ra7 Rb4+ 65. Kxe5 Rxh4 66. f4 Rh1 0-1


[Site "https://www.chess.com"]

[Event "Titled Tuesday Blitz August 1 Late 2023"]
[White "Khandelwal, Ankush"]
[Black "only_strong_moves"]
[WhiteFideId "413470"]
[WhiteElo "2500"]
[BlackElo "2707"]
[Result "0-1"]
[Round "2"]
[TimeControl "180+1"]
[Date "2023.08.01"]
[WhiteClock "0:00:03"]
[BlackClock "0:00:07"]
[Board "55"]

1. e4 e5 2. Nf3 Nc6 3. Bc4 Bc5 4. O-O Nf6 5. d3 h6 6. c3 Bb6 7. Nbd2 O-O 8. Re1 Re8 9. h3 d5 10. exd5 Nxd5 11. d4 Nf4 12. Nf1 Ng6 13. Qc2 Qf6 14. Ng3 Bd7 15. Ne4 Qf5 16. d5 Nce7 17. d6 cxd6 18. Qb3 d5 19. Bxd5 Nxd5 20. Nd6 Qe6 21. Nxe8 Rxe8 22. Bd2 Ndf4 23. Bxf4 Nxf4 24. Rxe5 Qxb3 25. Rxe8+ Bxe8 26. axb3 Nd3 27. Nd4 Nxb2 28. Re1 Kf8 29. Re3 Nd1 30. Rf3 Kg8 31. Nf5 Bc6 32. Ne7+ Kf8 33. Nxc6 bxc6 34. Kf1 Ke7 35. Ke2 Nxf2 36. Rf4 g5 37. Rc4 Kd6 38. Ra4 f5 39. h4 Ne4 40. hxg5 hxg5 41. Kf3 Nxc3 42. g4 Nxa4 43. bxa4 fxg4+ 0-1


[Site "https://www.chess.com"]

[Event "Titled Tuesday Blitz August 1 Late 2023"]
[White "nickVet"]
[Black "Kovalevsky, Stanislav"]
[BlackFideId "13508598"]
[WhiteElo "2706"]
[BlackElo "2500"]
[Result "0-1"]
[Round "2"]
[TimeControl "180+1"]
[Date "2023.08.01"]
[WhiteClock "0:00:32"]
[BlackClock "0:00:23"]
[Board "56"]

1. e4 c6 2. d4 d5 3. e5 c5 4. dxc5 e6 5. Be3 Nd7 6. Bb5 a6 7. Bxd7+ Bxd7 8. c3 Qc7 9. Qd4 Ne7 10. b4 a5 11. Nf3 Nf5 12. Qf4 axb4 13. cxb4 Bb5 14. Nc3 Bc4 15. Nd2 Bd3 16. g4 g5 17. Qf3 Qxe5 18. gxf5 Qxc3 19. Rd1 Be4 20. Qg4 exf5 21. Qxg5 Bxh1 22. Qxf5 Be4 23. Qf4 Rg8 24. f3 Bc2 25. Rc1 Rg2 26. Kf1 Rg6 27. Kf2 Bh6 0-1


[Site "https://www.chess.com"]

[Event "Titled Tuesday Blitz August 1 Late 2023"]
[White "Bochnicka, Vladimir"]
[Black "Klukin, Kirill"]
[WhiteFideId "14943450"]
[BlackFideId "24199273"]
[WhiteElo "2488"]
[BlackElo "2697"]
[Result "1/2-1/2"]
[Round "2"]
[TimeControl "180+1"]
[Date "2023.08.01"]
[WhiteClock "0:00:05"]
[BlackClock "0:00:08"]
[Board "57"]

1. e4 c5 2. Nf3 g6 3. d4 cxd4 4. Nxd4 Bg7 5. c4 Nc6 6. Be3 Nf6 7. Nc3 O-O 8. Be2 d6 9. O-O Bd7 10. h3 Nxd4 11. Bxd4 Bc6 12. Qc2 a5 13. Rad1 Nd7 14. Bxg7 Kxg7 15. Bg4 Qc7 16. Bxd7 Bxd7 17. Nd5 Qd8 18. Qc3+ f6 19. c5 Rc8 20. cxd6 Rxc3 21. dxe7 Qe8 22. exf8=Q+ Qxf8 23. Nxc3 Bc6 24. Rd4 Qc5 25. Rfd1 b5 26. Rd8 b4 27. Nd5 Qc2 28. Ne7 Qxe4 29. Nxc6 Qxc6 30. R1d7+ Kh6 31. Rd2 Qc1+ 32. Kh2 Qc7+ 33. g3 Qc5 34. Kg2 Qc6+ 35. Kh2 Qc5 36. h4 Qf5 37. R8d5 Qe4 38. Rxa5 Qe1 39. Rad5 g5 40. hxg5+ fxg5 41. Rd6+ Kh5 42. R6d4 Qc1 43. Kg2 Qc6+ 44. Rd5 Qc4 45. R2d4 Qc2 46. Rh4+ Kg6 47. Rhd4 b3 48. axb3 Qxb3 49. Rd2 Kh5 50. f4 Qb7 51. fxg5 Kg4 52. Rd4+ Kh5 53. Kh3 Qxb2 54. Rh4+ Kg6 55. Rh6+ Kf7 56. Rd7+ Ke8 57. Rdxh7 Qe5 58. Rh8+ Kf7 59. g6+ Kg7 60. R8h7+ Kg8 61. Rf7 Qe6+ 62. Kh4 Qe4+ 63. g4 Qe1+ 64. Kg5 Qe5+ 65. Rf5 Qe3+ 66. Kh5 Qh3+ 67. Kg5 Qe3+ 68. Rf4 Qe5+ 69. Rf5 Qe3+ 1/2-1/2


[Site "https://www.chess.com"]

[Event "Titled Tuesday Blitz August 1 Late 2023"]
[White "Kuzmicz, Krystian"]
[Black "Jimenez Jimenez, Leandro"]
[WhiteFideId "1119125"]
[BlackFideId "6415253"]
[WhiteElo "2695"]
[BlackElo "2485"]
[Result "0-1"]
[Round "2"]
[TimeControl "180+1"]
[Date "2023.08.01"]
[WhiteClock "0:00:05"]
[BlackClock "0:00:05"]
[Board "58"]

1. e4 e5 2. Bc4 Nf6 3. Qf3 Nc6 4. Ne2 Bc5 5. Nbc3 O-O 6. d3 Nd4 7. Nxd4 exd4 8. Ne2 d5 9. exd5 Bg4 10. Qf4 Bxe2 11. Kxe2 Re8+ 12. Kd1 Nxd5 13. Qg5 Qxg5 14. Bxg5 Nb6 15. Bb3 a5 16. a3 Bd6 17. Re1 h6 18. Bd2 a4 19. Ba2 Nd7 20. Re2 Nf6 21. h3 c6 22. Ke1 Nh5 23. g3 Nf6 24. Kf1 Kf8 25. Rb1 Rxe2 26. Kxe2 Ke7 27. g4 h5 28. Kf3 hxg4+ 29. hxg4 Rh8 30. Re1+ Kf8 31. g5 Rh3+ 32. Ke2 Ng4 33. Rg1 Ne5 34. Rg2 Nf3 35. Ba5 g6 36. Bd8 Be7 37. Bxe7+ Kxe7 38. b3 axb3 39. Bxb3 f6 40. gxf6+ Kxf6 41. a4 g5 42. a5 Kf5 43. Bf7 Kf4 44. Be6 Rh6 45. Bc8 Rh7 46. Rg3 Ne5 47. Rg1 Rc7 48. Be6 c5 49. Bd5 c4 50. dxc4 Nxc4 51. Ra1 Ne5 52. Kd2 Rc5 53. Bg2 g4 54. Bxb7 Nc4+ 55. Kd3 Nxa5 56. Ba8 Nc6 57. Bxc6 Rxc6 58. Ra4 Kf3 59. Rxd4 Rg6 60. c4 Kxf2 61. Rf4+ Kg3 62. Rf8 Kh2 63. c5 g3 64. Rh8+ Kg1 65. Kd4 g2 66. Kd5 Kf1 67. Rf8+ Ke2 68. Re8+ Kd2 69. Re6 Rxe6 70. Kxe6 g1=Q 71. c6 Qc5 72. Kd7 Qd5+ 73. Kc7 Kc3 74. Kb6 Qb3+ 75. Ka7 Qa3+ 76. Kb6 Qb4+ 77. Ka6 Qc5 78. Kb7 Qb5+ 79. Kc7 Kc4 80. Kd6 Qc5+ 81. Kd7 Qd5+ 82. Kc7 Kb5 0-1


[Site "https://www.chess.com"]

[Event "Titled Tuesday Blitz August 1 Late 2023"]
[White "Papp, Levente"]
[Black "Romero Pallares, Daniel"]
[WhiteFideId "751243"]
[BlackFideId "32025637"]
[WhiteElo "2685"]
[BlackElo "2484"]
[Result "0-1"]
[Round "2"]
[TimeControl "180+1"]
[Date "2023.08.01"]
[WhiteClock "0:00:23"]
[BlackClock "0:00:09"]
[Board "59"]

1. c3 g6 2. d4 Bg7 3. h4 h5 4. e4 d6 5. Bd3 Nc6 6. Ne2 Nf6 7. Bg5 e5 8. Nd2 O-O 9. Nf3 Bg4 10. d5 Nb8 11. Qd2 c6 12. dxc6 bxc6 13. Rd1 Nbd7 14. Bb1 d5 15. exd5 cxd5 16. O-O Bxf3 17. gxf3 Qb6 18. f4 Qe6 19. f5 gxf5 20. Ng3 e4 21. Qf4 Ne5 22. Qxf5 Nf3+ 23. Kg2 Rab8 24. b3 Rbc8 25. c4 dxc4 26. Bxe4 Nxg5 27. hxg5 Nxe4 28. Qxe6 fxe6 29. Nxe4 Rf4 30. Nd6 Rc5 31. Nxc4 Rxg5+ 32. Kh3 Rf3+ 33. Kh2 Rf4 34. Rd3 Kh7 35. Rg3 Rgf5 36. f3 e5 37. Nd6 Rf8 38. Kg2 Bh6 39. Ne4 h4 40. Rg4 Rxg4+ 41. fxg4 h3+ 42. Kg1 h2+ 43. Kxh2 Rxf1 44. g5 Bg7 45. Kg2 Rf4 46. Nd6 Kg6 47. Nb5 a6 48. Nc7 a5 49. Ne6 Rf5 50. a4 Kf7 51. Nc7 Rxg5+ 52. Kf3 Ke7 53. Ke4 Kd6 54. Nb5+ Ke6 55. b4 Rg4+ 56. Kd3 Rxb4 57. Nc3 e4+ 58. Nxe4 Rxe4 59. Kxe4 Kd6 60. Kd3 Kc5 61. Kc2 Kb4 62. Kb1 Kxa4 63. Ka2 Kb4 64. Kb1 Kb3 65. Kc1 a4 66. Kb1 a3 67. Kc1 a2 68. Kd2 a1=Q 0-1


[Site "https://www.chess.com"]

[Event "Titled Tuesday Blitz August 1 Late 2023"]
[White "Manukian, Artak"]
[Black "Morefield, Jason"]
[WhiteFideId "13301373"]
[BlackFideId "30920825"]
[WhiteElo "2472"]
[BlackElo "2684"]
[Result "1-0"]
[Round "2"]
[TimeControl "180+1"]
[Date "2023.08.01"]
[WhiteClock "0:00:44"]
[BlackClock "0:00:02"]
[Board "60"]

1. e4 c5 2. Nf3 d6 3. Bb5+ Bd7 4. Bxd7+ Nxd7 5. c4 Ngf6 6. Nc3 g6 7. d3 Bg7 8. O-O O-O 9. Bg5 a6 10. a4 Ne5 11. Ne1 Nc6 12. Nc2 h6 13. Be3 Nd7 14. f4 f5 15. h4 e6 16. h5 Qe8 17. Rf3 Kh7 18. hxg6+ Qxg6 19. Kh2 Qh5+ 20. Rh3 Qxd1 21. Rxd1 Bxc3 22. bxc3 Nf6 23. e5 dxe5 24. Bxc5 Ng4+ 25. Kg1 Rg8 26. fxe5 Ncxe5 27. Nd4 Rg6 28. Nf3 Nxf3+ 29. Rxf3 Rag8 30. Rd2 Ne5 31. Re3 Nd7 32. Bd6 Kg7 33. c5 Kf7 34. d4 Nf6 35. c4 Ne4 36. Rb2 Ke8 37. Reb3 R8g7 38. Be5 Rg8 39. Rxb7 Nf6 40. c6 f4 41. Ra7 Kf8 42. Rb8+ Ne8 43. Bd6# 1-0


[Site "https://www.chess.com"]

[Event "Titled Tuesday Blitz August 1 Late 2023"]
[White "Schnaider, Ilan"]
[Black "Tworuszka, Michal"]
[WhiteFideId "169013"]
[BlackFideId "1117858"]
[WhiteElo "2682"]
[BlackElo "2455"]
[Result "1-0"]
[Round "2"]
[TimeControl "180+1"]
[Date "2023.08.01"]
[WhiteClock "0:02:25"]
[BlackClock "0:01:14"]
[Board "61"]

1. e4 c5 2. Nf3 e6 3. d4 cxd4 4. Nxd4 Nc6 5. Nc3 Qc7 6. Qd3 a6 7. Nxc6 bxc6 8. Qg3 Qxg3 9. hxg3 d5 10. g4 Ne7 11. g5 Ng6 12. Bd3 Bb4 13. Bd2 d4 14. Na4 Bxd2+ 15. Kxd2 e5 16. g3 f6 17. gxf6 gxf6 18. Bc4 Kf8 19. Raf1 Kg7 20. f4 exf4 21. gxf4 f5 22. Nb6 Rb8 23. Nxc8 Rhxc8 24. exf5 Ne7 25. Rfg1+ Kh8 26. f6 Nf5 27. Bd3 Rb5 28. Bxb5 cxb5 29. Rg5 Ne3 30. f7 Rf8 31. Rhg1 1-0


[Site "https://www.chess.com"]

[Event "Titled Tuesday Blitz August 1 Late 2023"]
[White "CatLivesMatter"]
[Black "Volkov, Maksim"]
[BlackFideId "54123070"]
[WhiteElo "2452"]
[BlackElo "2682"]
[Result "0-1"]
[Round "2"]
[TimeControl "180+1"]
[Date "2023.08.01"]
[WhiteClock "0:01:36"]
[BlackClock "0:02:33"]
[Board "62"]

1. e4 c5 2. Nf3 d6 3. d4 cxd4 4. Nxd4 Nf6 5. Nc3 a6 6. Bg5 e6 7. f4 Be7 8. Qf3 Qc7 9. O-O-O Nbd7 10. g4 h6 11. Bxf6 Bxf6 12. h4 Nb6 13. g5 Bxd4 14. Rxd4 Qc5 15. Qd3 hxg5 16. Rxd6 Nd7 17. fxg5 Rxh4 18. Rg1 Qxg1 19. g6 Qxg6 20. Qc4 Rh1 21. b3 Qf6 22. Kb2 Qxf1 23. Qc7 b5 24. e5 Qc1# 0-1


[Site "https://www.chess.com"]